 Dungeon Crawl Stone Soup version 0.16-a0-2145-g6af420d (webtiles) character file.

435 ztt the Covered (level 6, -2/56 HPs)
             Began as a Minotaur Fighter on Nov 13, 2014.
             Killed from afar by a decayed bog body (7 damage)
             ... with a puff of frost
             ... in an ossuary.
             The game lasted 00:02:29 (1429 turns).

ztt the Covered (Minotaur Fighter)                  Turns: 1429, Time: 00:02:30

Health: -2/56      AC:  9    Str: 22    XL:     6   Next: 68%
Magic:  3/3        EV:  7    Int:  5    God:
Gold:   143        SH: 10    Dex: 10    Spells: 0 memorised, 5 levels left

rFire  . . .     SeeInvis .     a - +0 war axe
rCold  . . .     Clarity  .     b - +0 scale mail
rNeg   . . .     SustAb   .     c - +0 shield
rPois  .         Gourm    .     (helmet restricted)
rElec  .         Spirit   .     q - +1 cloak
rCorr  .         Warding  .     (no gloves)
rMut   .         Stasis   .     (no boots)
MR     .....                    (no amulet)
Stlth  ..........               (no ring)
                                (no ring)

@: not resistant to hostile enchantments, extremely unstealthy
A: retaliatory headbutt, horns 2
a: no special abilities


You were in an ossuary.
You were near starving.

You visited 1 branch of the dungeon, and saw 4 of its levels.
You also visited: Ossuary.

You collected 143 gold pieces.

Inventory:

Hand weapons
 a - a +0 war axe (weapon)
Armour
 b - a +0 scale mail (worn)
 c - a +0 shield (worn)
 q - a +1 cloak (worn)
Jewellery
 p - a +4 ring of protection {unknown}
Magical devices
 e - a wand of confusion (18)
Scrolls
 f - a scroll of fog {unknown}
 k - 2 scrolls of remove curse {unknown}
 m - a scroll of recharging {unknown}
 n - a scroll of noise {unknown}
 r - a scroll of amnesia {unknown}
Potions
 j - a potion of agility {unknown}
 l - a potion of cure mutation {unknown}
 o - 2 potions of mutation {unknown}
Comestibles
 d - a bread ration
 g - 2 slices of pizza
 h - a beef jerky
 i - 2 meat rations


   Skills:
 + Level 5.2 Fighting
 + Level 5.0 Axes
 + Level 5.9 Armour
 - Level 1.5 Dodging
 - Level 0.1 Stealth
 - Level 4.6 Shields


You had 5 spell levels left.
You didn't know any spells.

Dungeon Overview and Level Annotations

Branches:
Dungeon (4/15)
 Temple: D:4-7

Altars:
Yredelemnul

Shops:
D:4 (


Innate Abilities, Weirdness & Mutations

You reflexively headbutt those who attack you in melee.
You have a pair of horns on your head.


Message History

A decayed bog body is nearby!
A decayed bog body is nearby!
A decayed bog body is nearby!
You close the door.
Drink which item? (? for menu, Esc to quit)
Okay, then.
You start resting.
A decayed bog body opens the door.
A decayed bog body comes into view.
You block the decayed bog body's attack.
The decayed bog body closely misses you.
There is an open door here.
You hit the decayed bog body.
The decayed bog body is lightly damaged.
The decayed bog body hits you!!
* * * LOW HITPOINT WARNING * * *
The decayed bog body touches you but does no damage.
The decayed bog body gestures at you while chanting.
The puff of frost hits you!
You die...

##### #∩..#
#.∩.# #...#
##@##
.≈≈.≈n.≈n≈≈≈..#
.≈.≈.#.≈.≈≈≈##
.#.# ≈.≈P≈P≈#
#≈ #≈#≈#≈###
##≈##≈# # ≈≈
≈##


You could see 2 decayed bog bodies.

Vanquished Creatures
  The ghost of nht the Insei, an average MfTm (D:4)
  Sigmund (D:3)
  A giant frog (D:4)
  A giant frog skeleton (D:4)
  5 adders
  A worm (D:3)
  2 giant geckos (D:2)
  4 bats
  2 giant cockroaches
  4 goblins
  5 hobgoblins
  4 jackals (D:1)
  2 kobolds
  A quokka (D:3)
  2 giant newts
  7 rats
43 creatures vanquished.

Notes
Turn   | Place    | Note
--------------------------------------------------------------
     0 | D:1      | ztt, the Minotaur Fighter, began the quest for the Orb.
     0 | D:1      | Reached XP level 1. HP: 19/19 MP: 1/1
   223 | D:2      | Reached XP level 2. HP: 24/27 MP: 1/1
   245 | D:2      | Found a basalt altar of Yredelemnul.
   280 | D:2      | Reached skill level 4 in Armour
   289 | D:2      | Reached XP level 3. HP: 9/33 MP: 2/2
   934 | D:3      | Noticed Sigmund
   961 | D:3      | Killed Sigmund
   961 | D:3      | Reached skill level 1 in Dodging
   961 | D:3      | Reached XP level 4. HP: 14/40 MP: 2/2
   972 | D:3      | Reached XP level 5. HP: 17/46 MP: 2/2
  1341 | D:4      | Found Uliempus' Weapon Emporium.
  1353 | D:4      | Reached skill level 5 in Armour
  1384 | D:4      | Found a sand-covered staircase.
  1386 | D:4      | Noticed nht's ghost (average MfTm)
  1400 | D:4      | Killed nht's ghost
  1400 | D:4      | Reached skill level 5 in Fighting
  1400 | D:4      | Reached skill level 5 in Axes
  1400 | D:4      | Reached XP level 6. HP: 18/56 MP: 3/3
  1422 | Ossuary  | Entered an ossuary
  1429 | Ossuary  | Killed from afar by a decayed bog body

Action                   |  1- 3 |  4- 6 || total
-------------------------+-------+-------++-------
Melee: War axe           |    87 |    42 ||   129
  Use: Potion            |     1 |       ||     1
